 Dungeon Crawl Stone Soup version 0.22-a0-352-gc608dd7 (webtiles) character file.

74 khargal the Slasher (level 4, 0/41 HPs)
             Began as a Minotaur Monk on Apr 14, 2018.
             Slain by a sky beast (5 damage)
             ... on level 3 of the Dungeon.
             The game lasted 00:03:38 (2134 turns).

khargal the Slasher (Minotaur Monk)                 Turns: 2134, Time: 00:03:39

Health: 0/41       AC:  5    Str: 15    XL:     4   Next: 10%
Magic:  3/3        EV: 12    Int:  7    God:
Gold:   172        SH:  0    Dex: 14    Spells: 3/3 levels left

rFire    . . .     SeeInvis .   a - +0 falchion
rCold    . . .     Gourm    .   (no shield)
rNeg     . . .     Faith    .   q - +0 ring mail
rPois    .         Spirit   .   (helmet restricted)
rElec    .         Reflect  .   (no cloak)
rCorr    .         Harm     .   (no gloves)
MR       .....                  (no boots)
Stlth    +.........             (no amulet)
HPRegen  0.13/turn              (no ring)
MPRegen  0.08/turn              (no ring)

@: no status effects
A: retaliatory headbutt, horns 2
a: no special abilities


You were on level 3 of the Dungeon.
You were hungry.

You visited 1 branch of the dungeon, and saw 3 of its levels.

You collected 172 gold pieces.

Inventory:

Hand Weapons
 a - a +0 falchion (weapon)
Armour
 b - a +0 robe
 q - a +0 ring mail (worn)
Jewellery
 i - a +2 ring of dexterity {unknown}
 p - an uncursed ring of magical power {unknown}
Scrolls
 d - a scroll of enchant armour {unknown}
 e - 2 scrolls of teleportation {unknown}
 h - 4 scrolls of identify {unknown}
 j - 3 scrolls of amnesia {unknown}
 l - 2 scrolls of remove curse {unknown}
 m - a scroll of immolation {unknown}
 o - a scroll of fog {unknown}
Potions
 g - 2 potions of berserk rage {unknown}
 k - a potion of brilliance {unknown}
 n - a potion of lignification {unknown}
 r - a potion of degeneration {unknown}
 s - a potion of curing {unknown}
Comestibles
 c - 4 rations


   Skills:
 + Level 4.3 Fighting
 + Level 4.5 Long Blades
 * Level 1.8 Armour
 + Level 3.9 Dodging
 - Level 1.5 Stealth


You had 3 spell levels left.
You didn't know any spells.

Dungeon Overview and Level Annotations

Branches:
Dungeon (3/15)

Altars:
Trog


Innate Abilities, Weirdness & Mutations

You reflexively headbutt those who attack you in melee.
You have a pair of horns on your head.


Message History

The sky beast flickers out of sight!
Deactivating autopickup; reactivate with Ctrl-A.
Something hits you but does no damage.
No target in view!
No target in view!
No target in view!
No target in view!
You miss something. Your headbutt misses something.
Something hits you but does no damage.
You miss something. Something hits you. Something shocks you.
You barely miss something. You headbutt something! Something hits you.
Something shocks you.
You barely miss something. You headbutt something. Something hits you.
* * * LOW HITPOINT WARNING * * *
Something shocks you.
* * * LOW HITPOINT WARNING * * *
You closely miss something. Something hits you.
* * * LOW HITPOINT WARNING * * *
Something shocks you.
You die...

.......<.# ...
.........#######...
......###..........
...... #..........
###.# ###........
#. #........ #
###........
#..........
#.@?.....<.
#..>{........
#............
#............
#............
#############


There were no monsters in sight!

Vanquished Creatures
  3 adders (D:2)
  2 worms (D:2)
  2 dart slugs
  A leopard gecko (D:2)
  A ball python (D:2)
  4 bats
  5 giant cockroaches
  4 goblins
  2 hobgoblins
  4 kobolds
  A quokka (D:2)
  5 frilled lizards
  3 rats
37 creatures vanquished.

Notes
Turn   | Place    | Note
-------+----------+-------------------------------------------
     0 | D:1      | khargal the Minotaur Monk began the quest for the Orb.
     0 | D:1      | Reached XP level 1. HP: 19/19 MP: 0/0
   302 | D:1      | Reached XP level 2. HP: 8/27 MP: 1/1
   866 | D:1      | Reached skill level 1 in Armour
  1163 | D:2      | Reached XP level 3. HP: 30/33 MP: 2/2
  1320 | D:2      | Found a bloodstained altar of Trog.
  1828 | D:2      | Reached XP level 4. HP: 29/41 MP: 3/3
  2123 | D:3      | Noticed a sky beast
  2134 | D:3      | Slain by a sky beast

Vault maps used:
D:1:      wheals_arrival_linesprint
D:2:      wad_crossroads, lightli_temple_of_fire, first_ration,
          minmay_misc_feat_rows, minmay_tetromino_t4
D:3:      makhleb_altar_promises_db

Skill      XL: |  1  2 |
---------------+-------+-----
Long Blades    | 4 |  4.5
Armour         | 1 |  1.8
Fighting       | 4 |  4.3
Dodging        | |  3.9
Stealth        | |  1.5

Action                   |  1- 3 |  4- 6 || total
-------------------------+-------+-------++-------
Melee: Falchion          |    57 |     9 ||    66
       Headbutt          |     9 |     2 ||    11
 Stab: Sleeping          |     8 |     1 ||     9
  Eat: Chunk             |     3 |       ||     3
Armor: Robe              |     9 |       ||     9
       Ring mail         |       |     3 ||     3
Dodge: Dodged            |    35 |       ||    35
       Rpst.: Falchion   |    14 |       ||    14

Table legend:
 A = Spawn XP
 B = Non-spawn XP
 C = Spawn XP percentage of total XP
 D = Spawn monster count
 E = Non-spawn monster count
 F = Spawn count percentage of total count
 G = Total turns spent on level
                    A         B        C        D         E        F      G
               +---------+---------+-------+---------+---------+-------+---------
         Total |       0 |     107 |   0.0 |       0 |      37 |   0.0 |  2134
               +---------+---------+-------+---------+---------+-------+---------
           D:1 |       0 |      25 |   0.0 |       0 |      13 |   0.0 |  1113
           D:2 |       0 |      82 |   0.0 |       0 |      24 |   0.0 |  1001
               +---------+---------+-------+---------+---------+-------+---------
